 Dungeon Crawl Stone Soup version 0.23-a0-494-g91793a9 (webtiles) character file.

3615 KristoblXynda the Covert (level 10, -1/84 HPs)
             Began as a Naga Fighter on Dec 3, 2018.
             Was a Follower of Yredelemnul.
             Slain by a killer bee (8 damage)
             ... on level 9 of the Dungeon.
             The game lasted 00:24:30 (10873 turns).

KristoblXynda the Covert (Naga Fighter)            Turns: 10873, Time: 00:24:31

Health: -1/84      AC:  8    Str: 25    XL:     10   Next: 11%
Magic:  11/11      EV:  6    Int: 10    God:    Yredelemnul [*.....]
Gold:   481        SH:  9    Dex: 11    Spells: 9/9 levels left

rFire    . . .     SeeInvis +   z - +0 morningstar
rCold    . . .     Gourm    .   c - +0 shield
rNeg     . . .     Faith    .   b - +0 scale mail
rPois    +         Spirit   .   (no helmet)
rElec    .         Reflect  .   (no cloak)
rCorr    .         Harm     .   (no gloves)
MR       +....                  (no barding)
Stlth    ++++......             k - amulet of the acrobat
HPRegen  0.24/turn              o - ring of stealth
MPRegen  0.12/turn              A - ring of poison resistance

@: mighty, lethally poisoned (-1 -> -7), very slow
A: large, see invisible, deformed body, poison resistance, slowness 2, slow
metabolism 1, spit poison 1, AC +3
a: Spit Poison, Animate Remains, Renounce Religion


You were on level 9 of the Dungeon.
You worshipped Yredelemnul.
Yredelemnul was aware of your devotion.
You were not hungry.

You visited 2 branches of the dungeon, and saw 10 of its levels.

You collected 481 gold pieces.

Inventory:

Hand Weapons
 j - a +2 dagger of speed
 z - a +0 morningstar (weapon)
Armour
 b - a +0 scale mail (worn)
 c - a +0 shield (worn)
Jewellery
 k - an amulet of the acrobat (around neck)
 o - a ring of stealth (left hand)
 A - a ring of poison resistance (right hand)
Scrolls
 a - a scroll of torment {unknown}
 g - a scroll of blinking {unknown}
 i - a scroll of enchant armour {unknown}
 l - a scroll of magic mapping {unknown}
 m - a scroll of enchant weapon {unknown}
 n - 2 scrolls of fear
 p - a scroll of noise {unknown}
 u - a scroll of immolation {unknown}
 x - a scroll of amnesia
Potions
 q - a potion of berserk rage {unknown}
 r - a potion of flight
 s - a potion of haste {unknown}
 v - 2 potions of magic
Comestibles
 f - 10 rations


   Skills:
 - Level 3.0 Fighting
 + Level 8.8 Maces & Flails
 + Level 7.6 Armour
 - Level 10.0 Stealth
 - Level 3.0 Shields
   Level 2.2 Evocations


You had 9 spell levels left.
You didn't know any spells.
Your spell library was empty.

Dungeon Overview and Level Annotations

Branches:
Dungeon (9/15)             Temple (1/1) D:5
   Lair: D:8-11         Orc: D:9-12

Altars:
Ashenzari
Cheibriados
Dithmenos
Elyvilon
Fedhas
Gozag
Hepliaklqana
Kikubaaqudgha
Makhleb
Nemelex Xobeh
Okawaru
Qazlal
Ru
Sif Muna
Trog
Uskayaw
Vehumet
Wu Jian
Xom
Yredelemnul
Zin
The Shining One
Beogh


Innate Abilities, Weirdness & Mutations

You cannot wear boots.
Your serpentine skin is tough. (AC +3)
You have supernaturally acute eyesight. (SInv)
Armour fits poorly on your strangely shaped body.
Your system is resistant to poisons. (rPois)
You cover ground very slowly.
You have a slow metabolism.
You can spit poison.


Message History

You miss the killer bee.
The killer bee is almost dead.
You feel sick.
The killer bee stings you but does no damage. x2
You block the killer bee's attack.
Unknown command.
You miss the killer bee.
The killer bee is almost dead.
You feel sick. You block the killer bee's attack.
The orc wizard looks braver for a moment.
The killer bee stings you.
* * * LOW HITPOINT WARNING * * *
Unknown command.
You barely miss the killer bee.
The killer bee is almost dead.
You have got your breath back.
* * * LOW HITPOINT WARNING * * *
You feel sick. The killer bee stings you!
You die...
Your body rises from the dead as a mindless zombie.

#######'## #.#.....# ..
#..# ######.## #. #.##
#..<# #.## ######'###
###.### .... #........#
#.....# .(Y.
#........### #..)).#
..F.###.....y5.Yo#
#..)).#
....#.'.>y.....#y#
#..รท..#
..SlF.#........#@##
#..)..#
....###........#..###
#.....# ....
#.......y##...####.....#
....
##+##########..........#
.... ######.....# ....
#.....# #.## ###.### ..
#(# ...


You could see an ice beast, a killer bee and an orc wizard (invisible).

Vanquished Creatures
  Grum (D:8)
  4 hogs (D:7)
  A human (D:7)
  A hungry ghost (D:7)
  3 orc warriors
  An ice beast (D:7)
  A sky beast (D:8)
  A phantom (D:5)
  An ogre (D:8)
  3 wolves (D:8)
  A centaur (D:8)
  A big kobold (D:9)
  A wyvern zombie (D:8)
  A bullfrog (D:9)
  A wyvern skeleton (D:8)
  4 scorpions
  2 killer bees (D:9)
  2 crimson imps
  3 howler monkeys
  5 hounds
  A jelly (D:5)
  A centaur skeleton (D:4)
  3 orc priests
  2 orc wizards
  3 iguanas
  10 worker ants
  A killer bee zombie (D:6)
  A hound skeleton (D:7)
  A howler monkey zombie (D:5)
  A worker ant zombie (D:7)
  9 adders
  4 gnolls (D:8)
  3 shadow imps
  An adder zombie (D:5)
  2 worms
  3 dart slugs
  6 leopard geckos
  9 orcs
  5 giant cockroaches
  7 goblins
  4 hobgoblins
  5 jackals
  20 kobolds
  A quokka (D:3)
  5 bats
  2 frilled lizards
  A quokka skeleton (D:6)
  A quokka zombie (D:5)
  10 rats
160 creatures vanquished.

Notes
Turn   | Place    | Note
-------+----------+-------------------------------------------
     0 | D:1      | KristoblXynda the Naga Fighter began the quest for the Orb.
     0 | D:1      | Reached XP level 1. HP: 21/21 MP: 1/1
   357 | D:1      | Reached XP level 2. HP: 27/28 MP: 2/2
   880 | D:1      | Reached XP level 3. HP: 32/34 MP: 3/3
  1300 | D:2      | Found a shadowy altar of Dithmenos.
  1678 | D:3      | Reached skill level 1 in Stealth
  1712 | D:3      | Reached XP level 4. HP: 31/42 MP: 4/4
  2006 | D:3      | Found a snail-covered altar of Cheibriados.
  2056 | D:3      | Reached skill level 2 in Stealth
  2433 | D:4      | Reached XP level 5. HP: 22/49 MP: 5/5
  2929 | D:4      | Found a stormy altar of Qazlal.
  2948 | D:4      | Got a faintly glowing dagger
  2950 | D:4      | Identified the +0 dagger of Tension {pierce, Dex+4} (You
                  | found it on level 4 of the Dungeon)
  2962 | D:4      | Reached skill level 3 in Stealth
  3261 | D:4      | Found a roughly hewn altar of Beogh.
  3402 | D:4      | Reached XP level 6. HP: 41/56 MP: 6/6
  3515 | D:4      | Noticed a water elemental
  3515 | D:4      | Noticed an air elemental
  3515 | D:4      | Noticed a fire elemental
  3740 | D:5      | Entered Level 5 of the Dungeon
  3800 | D:5      | Reached skill level 4 in Stealth
  3870 | D:5      | Noticed a phantom
  3921 | D:5      | Killed a phantom
  4054 | D:5      | Found a basalt altar of Yredelemnul.
  4074 | D:5      | Found a staircase to the Ecumenical Temple.
  4081 | Temple   | Entered the Ecumenical Temple
  4190 | D:5      | Reached skill level 5 in Stealth
  4256 | D:5      | Reached XP level 7. HP: 61/62 MP: 7/7
  4314 | D:5      | Found a blossoming altar of Fedhas.
  4909 | D:6      | Reached skill level 6 in Stealth
  5644 | D:6      | Reached skill level 5 in Maces & Flails
  5717 | D:6      | Found an iron altar of Okawaru.
  5717 | D:6      | Found a faded altar of an unknown god.
  5722 | D:6      | Found an opulent altar of Gozag.
  5724 | D:6      | Found a radiant altar of Vehumet.
  5725 | D:6      | Found a shimmering altar of Xom.
  6112 | D:6      | Noticed a moth of wrath
  6143 | D:6      | Found a bloodstained altar of Trog.
  6482 | D:5      | Became a worshipper of Yredelemnul the Dark
  6703 | D:7      | Noticed a hog
  6703 | D:7      | Noticed a human
  6703 | D:7      | Noticed a hog
  6703 | D:7      | Noticed a hog
  6703 | D:7      | Noticed a hog
  6709 | D:7      | Killed a hog
  6709 | D:7      | Reached skill level 7 in Stealth
  6709 | D:7      | Reached XP level 8. HP: 64/69 MP: 8/8
  6716 | D:7      | Reached skill level 5 in Armour
  6727 | D:7      | Reached skill level 8 in Stealth
  7291 | D:7      | Reached skill level 9 in Stealth
  7355 | D:7      | Reached XP level 9. HP: 71/75 MP: 9/9
  7392 | D:7      | Found a sacrificial altar of Ru.
  8064 | D:7      | Found a shattered altar of Ashenzari.
  8245 | D:8      | Reached skill level 10 in Stealth
  8877 | D:8      | Reached skill level 1 in Evocations
  9157 | D:8      | Noticed Grum
  9630 | D:8      | Killed Grum
 10216 | D:9      | Reached * piety under Yredelemnul
 10378 | D:9      | Found an ornate altar of the Wu Jian Council.
 10475 | D:9      | Reached XP level 10. HP: 59/84 MP: 11/11
 10873 | D:9      | Slain by a killer bee

Vault maps used:
D:1:      dpeg_arrival_castle
D:2:      old_standard_altar
D:3:      nicolae_overflow_crystal_walls, first_ration
D:4:      nicolae_qazlal_style_of_elements, minivault_14, kennysheep_orc_chapel
D:5:      lemuel_crystal_altar, nicolae_overflow_hidden_temple,
          minmay_temple_entry_butterflies, minmay_misc_feat_square
D:6:      cheibrodos_thug_alley, chequers_temple_overflow_minitemple, tgw_trog
D:7:      nicolae_ru_great_annihilating_truth, kennysheep_little_box,
          grunt_livestock, minmay_quadrilaterals
D:8:      minivault_25, uniq_grum
D:9:      kennysheep_mini_moat, ebering_ghost_xom
Temple:   compressed_dpeg_circular_temple

Skill      XL: |  1  2  3  4  5  6  7  8  9 |
---------------+----------------------------+-----
Stealth        | 1 2 3 5 7 9 10 | 10.0
Armour         | 3 4 5 7 |  7.6
Shields        | 3 |  3.0
Maces & Flails | 3 4 5 6 8 |  8.8
Evocations     | 2 |  2.2
Fighting       | |  3.0

Action                   |  1- 3 |  4- 6 |  7- 9 | 10-12 || total
-------------------------+-------+-------+-------+-------++-------
Melee: Flail             |    74 |       |       |       ||    74
       Dagger            |    84 |   214 |    99 |       ||   397
       Morningstar       |       |       |   342 |    86 ||   428
 Abil: Spit Poison       |     8 |     9 |    39 |     7 ||    63
Evoke: Wand              |       |       |    18 |       ||    18
  Use: Scroll            |       |     2 |     8 |     1 ||    11
       Potion            |       |       |     3 |     7 ||    10
 Stab: Sleeping          |       |     4 |     5 |       ||     9
       Invisible         |       |       |     1 |       ||     1
       Paralysed         |       |       |     1 |       ||     1
  Eat: Chunk             |     2 |     5 |     7 |       ||    14
       Ration            |       |     1 |     5 |     1 ||     7
Armor: Scale mail        |    52 |    58 |   160 |    26 ||   296
       Skin              |       |       |       |    30 ||    30
Dodge: Dodged            |    30 |    27 |   124 |    15 ||   196
Block: Shield            |    72 |    67 |   222 |    55 ||   416

Table legend:
 A = Non-vault XP
 B = Vault XP
 C = Vault XP percentage of total XP
 D = Non-vault monster count
 E = Vault monster count
 F = Vault count percentage of total count
                 A         B        C        D         E       F
            +---------+---------+-------+---------+---------+-------
      Total |    3226 |    1939 |  37.5 |     130 |      30 |  18.8
            +---------+---------+-------+---------+---------+-------
        D:1 |      34 |       0 |   0.0 |      20 |       0 |   0.0
        D:2 |      13 |       0 |   0.0 |       6 |       0 |   0.0
        D:3 |      94 |       0 |   0.0 |      23 |       0 |   0.0
        D:4 |     184 |       0 |   0.0 |      12 |       0 |   0.0
        D:5 |     401 |       0 |   0.0 |      12 |       0 |   0.0
        D:6 |     292 |      20 |   6.4 |      13 |      12 |  48.0
        D:7 |     406 |    1362 |  77.0 |       7 |      14 |  66.7
        D:8 |    1018 |     557 |  35.4 |      18 |       4 |  18.2
        D:9 |     784 |       0 |   0.0 |      19 |       0 |   0.0
            +---------+---------+-------+---------+---------+-------
